 Dungeon Crawl Stone Soup version 0.25.0-37-gb73750e0fb (webtiles) character file.

Game seed: 8898686966141623049

(classic levelgen) 8 EnegeticOcto the Shield-Bearer (level 2, 21/27 HPs)
             Began as a Deep Dwarf Fighter on July 8, 2020.
             Quit the game on level 1 of the Dungeon.
             The game lasted 00:00:50 (152 turns).

EnegeticOcto the Shield-Bearer (Deep Dwarf Fighter)  Turns: 152, Time: 00:00:50

Health: 21/27      AC:  6    Str: 19    XL:     2   Next: 0%
Magic:  2/2        EV:  7    Int:  8    God:
Gold:   14         SH:  9    Dex: 12    Spells: 1/1 levels left

rFire    . . .     SeeInvis .   a - +0 war axe
rCold    . . .     Gourm    .   c - +0 kite shield
rNeg     . . .     Faith    .   b - +0 scale mail
rPois    .         Spirit   .   (no helmet)
rElec    .         Reflect  .   (no cloak)
rCorr    .         Harm     .   (no gloves)
MR       .....                  (no boots)
Stlth    ..........             (no amulet)
HPRegen  0.00/turn              (no ring)
MPRegen  0.08/turn              (no ring)

@: non-regenerating
A: damage resistance, heal wounds, sense surroundings 1, no regeneration
a: Heal Wounds


You were on level 1 of the Dungeon.
You were not hungry.

You visited 1 branch of the dungeon, and saw 1 of its levels.

You collected 14 gold pieces.

Inventory:

Hand Weapons
 a - a +0 war axe (weapon)
Armour
 b - a +0 scale mail (worn)
 c - a +0 kite shield (worn)
Scrolls
 f - a scroll of teleportation {unknown}
 g - a scroll of immolation {unknown}
Potions
 d - a potion of might {@q3 !q}
Comestibles
 e - 2 rations


   Skills:
 - Level 2.6 Fighting
 + Level 3.1 Axes
 - Level 3.2 Armour
 - Level 3.2 Shields


You had one spell level left.
You didn't know any spells.
Your spell library was empty.

Dungeon Overview and Level Annotations

Branches:
Dungeon (1/15)

Altars:


Innate Abilities, Weirdness & Mutations

You are resistant to damage.
You can heal yourself by infusing magical energy.
You passively map a small area around you.
You do not regenerate.


Message History

Welcome, EnegeticOcto the Deep Dwarf Fighter.
It is said that the Orb of Zot exists deep within this dungeon.
Press ? for a list of commands and other information.
Found a staircase leading out of the dungeon.
A kobold comes into view. It is wielding a +0 dagger.
The kobold shouts!
A hobgoblin comes into view. It is wielding a +0 club.
The hobgoblin shouts!
Found 8 gold pieces.
You barely miss the kobold. You closely miss the hobgoblin.
The kobold hits you but does no damage.
A frilled lizard comes into view.
The hobgoblin barely misses you. The kobold barely misses you.
You slash the kobold!
You kill the kobold!
You hit the hobgoblin.
You kill the hobgoblin!
The frilled lizard closely misses you.
Things that are here:
a +0 club; a hobgoblin corpse Your shield prevents you from hitting the frilled lizard.
The frilled lizard bites you but does no damage. x2
You miss the frilled lizard.
The frilled lizard bites you but does no damage.
You completely miss the frilled lizard. You block the frilled lizard's attack.
The frilled lizard closely misses you.
You hit the frilled lizard.
You kill the frilled lizard!
You see here a frilled lizard corpse.
You now have 8 gold pieces.
You open the door.
Found 6 gold pieces.
There is an open door here.
You now have 14 gold pieces (gained 6).
You open the door.
There is an open door here.
A hobgoblin comes into view. It is wielding a +0 club.
Found a scroll labeled JOHUH PIST.
The hobgoblin hits you but does no damage.
You see here a scroll labeled JOHUH PIST.
f - a scroll labeled JOHUH PIST The hobgoblin hits you with a +0 club.
The hobgoblin hits you but does no damage.
You open the door. The hobgoblin hits you with a +0 club.
There is an open door here.
The hobgoblin barely misses you.
You open the door. The hobgoblin hits you with a +0 club.
Found a scroll labeled TUHIAXK KEFAZA.
A kobold comes into view. It is wielding a +0 dagger.
The kobold shouts!
There is an open door here.
The kobold hits you with a +0 dagger.
You miss the kobold. You closely miss the hobgoblin.
The kobold hits you with a +0 dagger. The hobgoblin hits you with a +0 club.
The kobold closely misses you.
You slash the kobold!
You kill the kobold!
You hit the hobgoblin. You block the hobgoblin's attack.
You see here a +0 dagger.
You hit the hobgoblin.
The hobgoblin is severely wounded.
The hobgoblin barely misses you. The hobgoblin closely misses you.
You barely miss the hobgoblin.
The hobgoblin is severely wounded.
You block the hobgoblin's attack.
You closely miss the hobgoblin.
The hobgoblin is severely wounded.
The hobgoblin hits you but does no damage.
You slash the hobgoblin!
You kill the hobgoblin!
No target in view!
No target in view!
g - a scroll labeled TUHIAXK KEFAZA A goblin comes into view.
It is wielding a +0 club.
The goblin shouts!
Found a ration.
A hobgoblin comes into view.
The hobgoblin shouts!
You see here a ration.
e - 2 rations (gained 1)
You block the hobgoblin's attack. The goblin hits you but does no damage.
You hit the hobgoblin.
The hobgoblin is severely wounded.
You hit the goblin but do no damage.
The hobgoblin hits you but does no damage.
You block the goblin's attack.
The hobgoblin hits you but does no damage.
You hit the hobgoblin.
You kill the hobgoblin!
You closely miss the goblin. The goblin hits you but does no damage.
You block the goblin's attack.
You hit the goblin.
You kill the goblin!
Your Axes skill increases to level 3!
You have reached level 2!
Things that are here:
a +0 club; a goblin corpse Are you sure you want to abandon this character and quit the game? (Confirm with "yes".)

##...## #.#
#.#.##..#.# ##'##
#.# #.#.#...#.# #)#
#.# #.#.#.#.#.#
#)####### #.#
#.#.......#
##.......# * *
#.###.#.##
####...####.# , #.
,.. .# .##.....# #.#
# ## *
.###...####.######.#
* .#
##.###.......@..# ,
.####.###.#.########
..).......#.#
#####.#####.#
#.......# #########


There were no monsters in sight!

Vanquished Creatures
  A goblin (D:1)
  3 hobgoblins (D:1)
  A frilled lizard (D:1)
  2 kobolds (D:1)
7 creatures vanquished.

Notes
Turn   | Place    | Note
-------+----------+-------------------------------------------
     0 | D:1      | EnegeticOcto the Deep Dwarf Fighter began the quest for the
                  | Orb.
     0 | D:1      | Reached XP level 1. HP: 20/20 MP: 1/1
   134 | D:1      | Reached skill level 3 in Axes
   134 | D:1      | Reached XP level 2. HP: 21/27 MP: 2/2
   152 | D:1      | Quit the game

Illustrated notes

Levels and vault maps discovered:
D:1:      heliophobic_arrival_dark_side_of_the_moon, layout_loops_corners

Skill      XL: |  1 |
---------------+----+-----
Axes           | 3 |  3.1
Fighting       | |  2.6
Armour         | |  3.2
Shields        | |  3.2

Action                   || total
-------------------------++-------
Melee: War axe           ||    15
Armor: Scale mail        ||    10
Dodge: Dodged            ||     8
Block: Kite shield       ||     6
